 Dungeon Crawl Stone Soup version 0.17-a0-1360-g37db002 (webtiles) character file.

287 Lianjan the Cleaver (level 6, -2/78 HPs)
             Began as a Minotaur Berserker on June 11, 2015.
             Was a Priest of Trog.
             Slain by veccon's ghost (8 damage)
             ... on level 3 of the Dungeon.
             The game lasted 00:19:53 (1975 turns).

Lianjan the Cleaver (Minotaur Berserker)            Turns: 1975, Time: 00:19:53

Health: -2/78      AC:  5    Str: 27    XL:     6   Next: 8%
Magic:  5/5        EV: 11    Int:  4    God:    Trog [***...]
Gold:   117        SH:  0    Dex: 11    Spells: 0 memorised, 5 levels left

rFire  . . .     SeeInvis .     a - +0 war axe
rCold  . . .     Clarity  .     t - +0 ring mail
rNeg   . . .     SustAt   .     (no shield)
rPois  +         Gourm    .     (helmet restricted)
rElec  .         Spirit   .     (no cloak)
rCorr  .         Warding  .     (no gloves)
rMut   .         Stasis   .     (no boots)
MR     .....                    (no amulet)
Stlth  ..........               (no ring)
                                n - ring of poison resistance

@: berserking, very quick, not resistant to hostile enchantments, extremely
unstealthy
A: retaliatory headbutt, horns 2
a: Burn Spellbooks, Berserk, Trog's Hand, Renounce Religion


You were on level 3 of the Dungeon.
You worshipped Trog.
Trog was most pleased with you.
You were not hungry.

You visited 1 branch of the dungeon, and saw 3 of its levels.

You collected 117 gold pieces.

Inventory:

Hand weapons
 a - a +0 war axe (weapon)
 b - a +0 hunting sling
 k - a cursed +0 spear
Missiles
 l - 58 stones (quivered)
Armour
 t - a +0 ring mail (worn)
Jewellery
 n - a ring of poison resistance (left hand)
Scrolls
 e - 4 scrolls of random uselessness {unknown}
 h - a scroll of magic mapping {unknown}
 j - 3 scrolls of remove curse {unknown}
 m - a scroll of enchant weapon {unknown}
 q - 4 scrolls of identify {unknown}
 u - a scroll of amnesia {unknown}
Potions
 f - a potion of cancellation {unknown}
 g - a potion of haste {unknown}
 i - 2 potions of poison {unknown}
 r - 2 potions of lignification {unknown}
 s - 2 potions of invisibility {unknown}
Comestibles
 c - a bread ration
 d - a royal jelly
 o - 2 meat rations
 p - a slice of pizza
 v - 3 chunks of flesh


   Skills:
 - Level 4.0 Fighting
 + Level 8.1 Axes
 - Level 2.4 Armour
 - Level 2.1 Dodging


You had 5 spell levels left.
You didn't know any spells.

Dungeon Overview and Level Annotations

Branches:
Dungeon (3/15)

Altars:
Vehumet
The Shining One

Annotations:
D:3 veccon's ghost, average MiFi


Innate Abilities, Weirdness & Mutations

You reflexively headbutt those who attack you in melee.
You have a pair of horns on your head.


Message History

Veccon's ghost is moderately damaged.
Veccon's ghost hits you.
Use which ability? (? or * to list)
A red film seems to cover your vision as you go berserk!
You feel yourself moving faster!
You feel mighty!
You feel somewhat more hungry. Veccon's ghost hits you.
* * * LOW HITPOINT WARNING * * *
You slash veccon's ghost!
Veccon's ghost is heavily damaged.
Veccon's ghost hits you.
* * * LOW HITPOINT WARNING * * *
You slash veccon's ghost!
Veccon's ghost is severely damaged.
Veccon's ghost hits you!
* * * LOW HITPOINT WARNING * * *
You are too berserk!
You closely miss veccon's ghost.
Veccon's ghost is severely damaged.
Veccon's ghost hits you!
You die...

##### #.#.#########
#.#.........#
#.....#####.# #.#.#.#
#.# #.#...## #.#####
#####......####.....#
.................##.#
................@#
................W#
...................W....
...................#..#.
..................... #
....................$.
...................#..#
.................###....
................>. ##.


You could see veccon's ghost.

Vanquished Creatures
  3 orc wizards (D:3)
  2 orc priests (D:3)
  Jessica (D:2)
  Robin (D:2)
  4 adders (D:2)
  3 oozes
  A worm (D:2)
  2 giant geckos (D:2)
  5 orcs (D:3)
  A ball python (D:2)
  13 goblins
  8 hobgoblins
  3 bats (D:1)
  A giant newt (D:1)
  3 kobolds
  A quokka (D:3)
  7 rats
59 creatures vanquished.

Notes
Turn   | Place    | Note
--------------------------------------------------------------
     0 | D:1      | Lianjan the Minotaur Berserker began the quest for the Orb.
     0 | D:1      | Reached XP level 1. HP: 19/19 MP: 0/0
   267 | D:1      | Reached skill level 4 in Fighting
   267 | D:1      | Reached XP level 2. HP: 21/27 MP: 1/1
   868 | D:2      | Reached XP level 3. HP: 31/33 MP: 2/2
   905 | D:2      | Found a glowing golden altar of the Shining One.
   923 | D:2      | Reached skill level 5 in Axes
  1006 | D:2      | Acquired Trog's second power
  1029 | D:2      | Noticed Robin
  1039 | D:2      | Killed Robin
  1040 | D:2      | Reached XP level 4. HP: 25/40 MP: 3/3
  1251 | D:2      | Noticed Jessica
  1260 | D:2      | Reached skill level 6 in Axes
  1262 | D:2      | Killed Jessica
  1570 | D:3      | Reached XP level 5. HP: 44/46 MP: 4/4
  1577 | D:3      | Reached skill level 7 in Axes
  1615 | D:3      | Found a radiant altar of Vehumet.
  1856 | D:3      | Reached skill level 8 in Axes
  1856 | D:3      | Reached XP level 6. HP: 22/52 MP: 5/5
  1966 | D:3      | Noticed veccon's ghost (average MiFi)
  1975 | D:3      | Slain by veccon's ghost

Vault maps used:
D:1:      dpeg_arrival_snail
D:2:      old_standard_altar, uniq_jessica, uniq_robin
D:3:      nicolae_overflow_crystal_walls, ecumenical_altar_2

Action                   |  1- 3 |  4- 6 || total
-------------------------+-------+-------++-------
Melee: Hand axe          |    65 |    13 ||    78
       War axe           |       |    54 ||    54
 Fire: Hunting sling     |       |     5 ||     5
Throw: Stone             |       |     7 ||     7
Invok: Trog's Hand       |       |     1 ||     1
       Berserk           |       |     2 ||     2
 Stab: Sleeping          |     1 |       ||     1
  Eat: Bread ration      |       |     1 ||     1
       Chunk             |       |     1 ||     1
